Map: Tokamak LE

Players

FalconsSolar (Solar) - Winner!

  • Race: Zerg Zerg
  • Spawn Location: 1:00

trigger

  • Race: Protoss Protoss
  • League: Master
  • Spawn Location: 7:00

Event: DreamHack Dallas 2025

VOD

Have the link to the VOD?

Description

Time

  • Played on: May 24, 2025, 3:19 p.m.
  • Length: 12:49

All games in this series

Show
View Real Time Build Order
Export as new Build Order

FalconsSolar Zerg - Winner!

Build Orders: Hatch First 

Get SALT Encoding   

  12  0:00  Drone  
  13  0:08  Drone  
  14  0:16  Overlord  
  14  0:38  Hatchery  
  14  0:41  Drone  
  14  0:45  Drone  
  14  0:48  Drone  
  16  0:54  Drone  
  17  1:03  Drone  
  18  1:09  Extractor  
  17  1:13  Spawning Pool  
  17  1:16  Drone  
  17  1:24  Drone  
  18  1:35  Drone  
  19  1:46  Drone  
  20  1:51  Drone  
  21  1:57  Overlord  
  21  2:00  Queen x2  
  25  2:03  Zergling x2  
  25  2:08  Zergling x2  
  27  2:12  Drone  
  28  2:16  Metabolic Boost  
  28  2:18  Drone  
  30  2:22  Drone  
  31  2:30  Drone  
  31  2:37  Hatchery  
  31  2:40  Drone  
  31  2:44  Overlord  
  31  2:53  Queen  
  31  2:55  Drone  
  31  2:57  Drone  
  36  2:58  Drone  
  36  3:03  Zergling x2  
  38  3:05  Zergling x2  
  38  3:11  Drone x3  
  41  3:13  Overlord  
  41  3:17  Drone x2  
  41  3:18  Drone  
  44  3:25  Drone  
  42  3:28  Drone  
  42  3:29  Drone  
  42  3:34  Queen  
  42  3:38  Spore Crawler  
  43  3:42  Drone x2  
  43  3:45  Drone x2  
  47  3:51  Queen  
  47  3:55  Drone  
  50  4:01  Overlord  
  50  4:04  Spore Crawler  
  50  4:06  Queen  
  50  4:09  Drone  
  52  4:11  Drone x2  
  52  4:14  Overlord  
  54  4:18  Zergling x4  
  54  4:20  Zergling x2  
  54  4:22  Drone x2  
  57  4:25  Drone  
  57  4:26  Drone  
  57  4:28  Drone x2  
  61  4:32  Drone x2  
  61  4:35  Drone  
  61  4:36  Drone  
  61  4:37  Drone  
  66  4:42  Extractor  
  66  4:45  Drone  
  64  4:46  Drone x3  
  64  4:50  Lair  
  64  4:51  Drone  
  68  4:57  Roach Warren, Spore Crawler  
  68  4:58  Drone x2  
  68  5:02  Extractor  
  68  5:03  Overlord  
  68  5:05  Drone  
  68  5:07  Drone, Evolution Chamber  
  68  5:08  Drone x2  
  68  5:12  Drone x2  
  68  5:14  Drone  
  70  5:15  Drone  
  70  5:17  Drone  
  70  5:22  Drone x5  
  75  5:28  Zergling x2  
  75  5:29  Zergling x8  
  75  5:32  Extractor x2  
  79  5:37  Overlord  
  79  5:39  Drone x2  
  79  5:40  Hatchery  
  79  5:41  Zergling x2  
  81  5:47  Overlord  
  81  5:49  Hydralisk Den  
  80  5:50  Drone  
  80  5:52  Overseer  
  80  5:53  Extractor  
  80  5:55  Drone  
  81  5:57  Hatchery  
  81  6:00  Drone x3  
  81  6:01  Overlord  
  83  6:04  Overlord  
  83  6:06  Zergling x12  
  83  6:09  Overlord  
  88  6:15  Drone x2  
  90  6:20  Grooved Spines  
  90  6:22  Hydralisk x3, Overlord  
  96  6:26  Hydralisk x2  
  96  6:28  Zerg Missile Weapons Level 1  
  96  6:31  Hydralisk  
  102  6:35  Hydralisk x2  
  102  6:39  Hydralisk  
  106  6:40  Hydralisk  
  106  6:41  Hydralisk  
  106  6:43  Hydralisk  
  106  6:45  Hydralisk  
  115  6:50  Hydralisk  
  115  6:51  Hydralisk x2  
  115  6:53  Overlord  
  121  6:59  Zergling x10  
  126  7:04  Spire  
  126  7:07  Overseer  
  125  7:08  Hydralisk  
  125  7:10  Muscular Augments  
  125  7:12  Zergling x10  
  125  7:15  Drone x2  
  134  7:16  Zergling x4  
  134  7:22  Overlord  
  136  7:23  Zergling x2  
  136  7:24  Zergling x6  
  136  7:25  Zergling x2  
  140  7:35  Zergling x10  
  138  7:39  Overlord  
  138  7:44  Overlord  
  138  7:46  Zergling x14  
  138  7:57  Drone x2, Overlord  
  134  7:59  Overlord  
  134  8:01  Extractor  
  134  8:03  Extractor  
  130  8:16  Mutalisk x11  
  130  8:18  Drone  
  130  8:19  Drone x3  
  157  8:20  Drone x3  
  157  8:23  Zerg Flyer Weapons Level 1  
  157  8:26  Mutalisk  
  161  8:30  Zergling x10  
  163  8:34  Zerg Melee Weapons Level 1  
  163  8:35  Zergling x2  
  163  8:36  Zergling x6  
  163  8:39  Drone  
  163  8:40  Mutalisk  
  169  8:44  Mutalisk  
  169  8:45  Zergling x6  
  170  8:48  Zergling x6  
  170  8:51  Mutalisk  
  170  8:53  Overlord  
  171  9:03  Mutalisk x2  
  171  9:07  Mutalisk x2  
  171  9:10  Zergling x2  
  171  9:11  Zergling x2  
  171  9:13  Mutalisk  
  171  9:14  Zergling x4  
  171  9:15  Hatchery  
  175  9:17  Mutalisk  
  175  9:19  Zergling x6  
  179  9:24  Mutalisk  
  179  9:26  Zergling x8  
  179  9:30  Mutalisk  
  176  9:40  Corruptor x2  
  176  9:45  Drone, Mutalisk x2  
  179  9:47  Overlord  
  179  9:48  Overlord  
  179  9:51  Baneling Nest  
  182  9:53  Drone  
  181  10:00  Zergling x2, Mutalisk  
  181  10:02  Drone  
  181  10:04  Mutalisk x2  
  181  10:07  Mutalisk  
  181  10:08  Extractor x2  
  181  10:12  Mutalisk  
  181  10:13  Zergling x12  
  189  10:18  Mutalisk x2  
  189  10:19  Zergling x2  
  194  10:23  Mutalisk  
  194  10:24  Zergling x2  
  196  10:31  Mutalisk  
  196  10:33  Mutalisk  
  184  10:38  Corruptor  
  184  10:42  Zergling x20  
  194  10:46  Mutalisk x2  
  194  10:49  Zergling x4  
  194  10:51  Mutalisk  
  194  10:52  Zergling x2  
  191  10:59  Mutalisk  
  191  11:01  Zergling x10  
  191  11:04  Zergling x8  
  198  11:07  Mutalisk x2  
  190  11:13  Mutalisk  
  190  11:14  Zergling x6  
  180  11:21  Zergling x10  
  180  11:23  Zergling x2  
  180  11:25  Mutalisk  
  172  11:28  Zergling x4  
  172  11:32  Mutalisk x2  
  174  11:37  Zergling x2, Mutalisk  
  173  11:42  Zergling x8  
  158  11:47  Mutalisk  
  158  11:48  Zergling x2  
  152  11:55  Mutalisk  
  152  11:57  Zergling x2  
  139  12:04  Zergling x2  
  139  12:05  Zergling x2  
  133  12:09  Mutalisk  
  133  12:15  Zergling x2  
  127  12:20  Zergling x2  
  127  12:21  Zergling x2  
  116  12:28  Zergling x2  
  116  12:29  Zergling x2  
Show
View Real Time Build Order
Export as new Build Order

trigger Protoss 

Build Orders: 1 Gate Expand, Oracle Opening 

Get SALT Encoding   

  12  0:00  Probe  
  13  0:12  Probe  
  14  0:19  Pylon  
  14  0:24  Probe  
  15  0:33  Probe  
  15  0:38  Gateway  
  15  0:41  Probe  
  16  0:49  Assimilator  
  17  0:52  Probe  
  18  1:04  Probe  
  19  1:16  Probe  
  20  1:26  Nexus  
  20  1:37  Cybernetics Core  
  20  1:39  Probe  
  21  1:47  Assimilator  
  21  1:51  Probe  
  22  1:54  Pylon  
  22  2:03  Adept  
  22  2:04  Probe  
  25  2:16  Probe  
  25  2:21  Stargate  
  26  2:23  Adept  
  26  2:28  Probe  
  27  2:36  Warp Gate  
  27  2:37  Probe  
  29  2:40  Probe  
  31  2:45  Probe  
  32  2:52  Probe  
  32  2:53  Probe, Adept  
  36  2:59  Oracle  
  36  3:02  Pylon  
  36  3:04  Probe x2  
  41  3:16  Probe  
  41  3:17  Probe  
  43  3:27  Oracle  
  43  3:28  Probe  
  43  3:29  Probe  
  43  3:35  Gateway  
  43  3:40  Probe  
  43  3:41  Probe  
  48  3:52  Probe  
  48  3:54  Nexus  
  49  3:55  Probe  
  49  3:56  Pylon  
  49  4:00  Assimilator  
  50  4:05  Probe  
  50  4:06  Assimilator  
  50  4:09  Oracle  
  54  4:15  Probe  
  56  4:17  Probe  
  56  4:27  Probe, Twilight Council  
  56  4:28  Forge  
  56  4:30  Pylon  
  57  4:34  Adept x2  
  57  4:38  Probe  
  62  4:48  Probe  
  63  4:54  Gateway x2, Probe, Blink  
  64  5:01  Adept x2  
  64  5:02  Probe  
  64  5:06  Protoss Ground Weapons Level 1  
  69  5:15  Probe  
  69  5:16  Probe  
  69  5:20  Probe  
  69  5:22  Gateway  
  69  5:25  Gateway  
  69  5:27  Probe  
  71  5:28  Probe x2  
  71  5:29  Shield Battery  
  71  5:34  Stalker  
  75  5:36  Probe  
  75  5:38  Stalker  
  75  5:39  Probe  
  75  5:40  Probe  
  80  5:44  Pylon  
  80  5:48  Probe  
  81  5:50  Stalker  
  81  5:51  Probe  
  81  5:55  Probe, Templar Archives  
  85  5:57  Pylon  
  85  6:01  Assimilator  
  85  6:02  Probe  
  86  6:05  Assimilator  
  86  6:06  Pylon  
  86  6:07  Probe  
  87  6:11  Probe  
  87  6:15  Probe  
  89  6:19  Probe  
  89  6:23  Probe  
  89  6:24  Stalker x2  
  95  6:30  Robotics Facility  
  95  6:32  Psionic Storm, Gateway  
  95  6:34  Gateway  
  95  6:35  Probe  
  95  6:37  Pylon  
  96  6:40  Nexus  
  96  6:43  High Templar x4  
  104  6:48  Pylon  
  104  7:00  Photon Cannon  
  104  7:01  Photon Cannon  
  104  7:04  High Templar  
  104  7:05  Zealot  
  104  7:08  Shield Battery  
  108  7:16  High Templar  
  108  7:17  Zealot x3  
  116  7:28  Zealot x3  
  121  7:38  Zealot x2  
  121  7:43  Protoss Ground Weapons Level 2  
  125  7:44  Charge  
  125  7:46  Pylon  
  125  7:55  Stalker x5  
  125  7:56  Stalker  
  133  7:59  Probe x3  
  133  8:00  Probe  
  133  8:02  Immortal, Zealot  
  139  8:11  Probe  
  144  8:13  Probe  
  144  8:14  Assimilator  
  144  8:15  Fleet Beacon  
  144  8:16  Assimilator  
  144  8:17  Pylon, Stargate  
  145  8:24  Zealot  
  147  8:32  Photon Cannon  
  147  8:33  Zealot x3  
  147  8:36  Pylon x2  
  147  8:39  High Templar  
  149  8:51  Zealot x3  
  149  8:54  Immortal  
  159  8:57  Zealot x4  
  165  9:10  Archon  
  165  9:12  Stalker x4  
  165  9:17  Probe x2  
  165  9:23  Probe  
  159  9:25  Stalker x4  
  159  9:27  Phoenix  
  157  9:38  Probe  
  151  9:40  Probe  
  152  9:48  High Templar x6  
  152  9:52  Archon x3  
  164  9:56  Zealot x2  
  168  10:00  Phoenix x2  
  168  10:07  Anion Pulse-Crystals  
  164  10:21  Zealot x4  
  164  10:25  Phoenix  
  166  10:38  Stalker x3  
  166  10:41  Pylon, Photon Cannon  
  166  10:42  Pylon, Shield Battery, Photon Cannon  
  172  10:44  Pylon, Photon Cannon  
  166  10:50  High Templar x3  
  166  10:55  Archon  
  170  10:57  Stalker  
  170  11:00  Pylon  
  170  11:01  Stalker x4  
  142  11:28  High Templar x3  
  142  11:29  Zealot x4  
  122  11:42  Immortal  
  122  11:45  Archon  
  99  11:51  Stalker x4  
  92  12:03  Stalker x3  
  89  12:17  Stalker  
Tags
 
Add a new tag
Caveats
  • Supply blocks, unpowered buildings, or Contaminate may cause inaccurate times.
  • Supply counts are checked every 10 seconds.